 Dungeon Crawl Stone Soup version 0.32-a0-834-geaf45d8e21 (webtiles) character file.

Game seed: 5158915311577513334

24604 adelrune the Destroyer (level 12, -9/59 HPs)
             Began as a Deep Elf Conjurer on Mar 25, 2024.
             Was an Initiate of Gozag.
             Mangled by a meliai
             ... wielding a +0 hand axe
              (20 damage)
             ... on level 4 of the Lair of Beasts.
             The game lasted 00:58:17 (20890 turns).

adelrune the Destroyer (Deep Elf Conjurer)         Turns: 20890, Time: 00:58:17

Health: -9/59      AC:  9    Str:  4    XL:     12   Next: 82%
Magic:  25/29      EV: 10    Int: 29    God:    Gozag
Gold:   2451       SH:  9    Dex: 13    Spells: 16/34 levels left

rFire   . . .        E - staff of air
rCold   . . .        M - +0 kite shield
rNeg    . . .        A - +1 steam dragon scales
rPois   +            g - +2 hat
rElec   +            (no cloak)
rCorr   .            C - +0 pair of gloves
SInv    .            (no boots)
Will    +....        N - amulet of the acrobat
Stlth   ++           Q - ring of wizardry
HPRegen 0.29/turn    v - ring of poison resistance
MPRegen 0.21/turn

%: acrobat, wizardry (x1)
@: about to teleport, invisible
A: no striking features
a: Renounce Religion, Potion Petition, Call Merchant, Bribe Branch


You were on level 4 of the Lair of Beasts.
You worshipped Gozag.
Gozag was most pleased with you.
You visited 3 branches of the dungeon, and saw 16 of its levels.

You collected 2724 gold pieces.
You paid 273 gold pieces to Gozag.

Inventory:

Hand Weapons
 q - a +4 mace of protection
Missiles
 F - 4 throwing nets
Armour
 a - a +0 robe
 g - a +2 hat (worn)
 A - +1 steam dragon scales (worn)
 C - a +0 pair of gloves (worn)
 J - a +2 leather armour of cold resistance
 K - +0 swamp dragon scales
 M - a +0 kite shield (worn)
 R - an orb of energy
 U - the +2 ring mail of Dramatic Exits {rC+ Str+4}
   (You found it on level 3 of the Lair of Beasts)

   Str+4:     It affects your strength (+4).
   rC+:       It protects you from cold.
Magical Staves
 E - a staff of air (weapon)
Jewellery
 j - a ring of see invisible
 t - a +6 ring of dexterity
 v - a ring of poison resistance (right hand)
 N - an amulet of the acrobat (around neck)
 Q - a ring of wizardry (left hand)
 T - a ring of fire
 W - a ring of protection from cold
Wands
 r - a wand of polymorph (13)
 B - a wand of light (17)
 D - a wand of digging (2)
 H - a wand of iceblast (5)
 L - a wand of mindburst (13)
 P - a wand of flame (2)
Scrolls
 e - a scroll of noise
 f - a scroll of blinking
 h - 5 scrolls of teleportation
 i - a scroll of enchant weapon
 l - 5 scrolls of enchant armour
 o - a scroll of poison
 p - 2 scrolls of identify
 x - 3 scrolls of fog
 y - a scroll of torment
 z - 3 scrolls of amnesia
 O - 4 scrolls of vulnerability
 S - a scroll of revelation {unknown}
 V - a scroll of silence
Potions
 b - 2 potions of magic
 c - 5 potions of degeneration
 d - a potion of curing
 k - 4 potions of enlightenment
 m - 4 potions of heal wounds {unknown}
 n - 3 potions of brilliance
 s - a potion of invisibility
 u - a potion of resistance {unknown}
 w - 2 potions of lignification
 G - a potion of cancellation
 I - 4 potions of attraction
 X - a potion of berserk rage {unknown}
 Y - a potion of ambrosia


   Skills:
 - Level 7.4 Dodging
 - Level 4.0 Stealth
 - Level 5.0 Shields
 + Level 11.8 Spellcasting
 + Level 13.4 Conjurations
 + Level 11.6 Summonings
 - Level 4.6 Translocations
 - Level 6.4 Earth Magic
 - Level 5.0 Evocations


You had 16 spell levels left.
You knew the following spells:

 Your Spells              Type           Power      Damage    Failure   Level
a - Magic Dart            Conj           100%       1d8       1%          1
b - Searing Ray           Conj           100%       2d8       1%          2
c - Blink                 Tloc           88%        N/A       2%          2
d - Passwall              Erth           53%        N/A       2%          3
e - Stone Arrow           Conj/Erth      100%       3d13      1%          3
f - Spellforged Servitor  Conj/Summ      37%        N/A       50%         7

Your spell library contained the following spells:

 Spells                   Type           Power      Damage    Failure   Level
 Apportation              Tloc           88%        N/A       1%          1
 Sting                    Conj/Alch      100%       1d9       1%          1
 Summon Small Mammal      Summ           100%       N/A       1%          1
 Momentum Strike          Conj/Tloc      100%       3d10      1%          2
 Call Canine Familiar     Summ           71%        N/A       1%          3
 Lesser Beckoning         Tloc           88%        N/A       2%          2
 Animate Armour           Summ/Erth      100%       N/A       3%          4
 Iskenderun's Mystic Bla  Conj/Tloc      62%        2d13      3%          4
 Fulminant Prism          Conj/Alch      27%        3d14      9%          4
 Summon Blazeheart Golem  Fire/Summ      50%        N/A       12%         4
 Necrotise                Necr           68%        1d7       13%         1
 Slow                     Hex            68%        N/A       13%         1
 Volatile Blastmotes      Fire/Tloc      60%        2d15      16%         3
 Leda's Liquefaction      Alch/Erth      17%        N/A       32%         4
 Petrify                  Alch/Erth      35%        N/A       32%         4
 Bombard                  Conj/Erth      33%        9d6       32%         6
 Confusing Touch          Hex            17%        N/A       34%         3
 Sigil of Binding         Hex            17%        N/A       34%         3
 Vampiric Draining        Necr           17%        2d7       34%         3
 Orb of Destruction       Conj           38%        9d11      38%         7
 Dimensional Bullseye     Hex/Tloc       15%        N/A       43%         4
 Metabolic Englaciation   Hex/Ice        8%         N/A       96%         5
 Lehudib's Crystal Spear  Conj/Erth      33%        10d8      100%        8


Dungeon Overview and Level Annotations

Branches:
Dungeon (11/15)            Temple (1/1) D:4            Lair (4/5) D:11
  Swamp (0/4) Lair:3        Snake (0/4) Lair:3        Slime (0/5) Lair:4
    Orc: D:9-12

Altars:
Ashenzari
Cheibriados
Dithmenos
Elyvilon
Gozag
Hepliaklqana
Kikubaaqudgha
Makhleb
Nemelex Xobeh
Okawaru
Qazlal
Ru
Sif Muna
Trog
Uskayaw
Vehumet
Wu Jian
Yredelemnul
Zin
The Shining One
Jiyva

Shops:
D:4 :

Annotations:
Lair:4 1 runed translucent door, jejorda2's ghost, journeyman GnBe


Message History

The meliai calls upon its god to heal the killer bee.
The killer bee's wounds heal themselves!
You block the killer bee's attack. The meliai closely misses you.
The meliai stings you.
The searing ray hits the meliai.
The meliai is moderately wounded.
The searing ray hits the killer bee!
The killer bee is heavily wounded.
The searing ray hits the queen bee!
The queen bee is moderately wounded.
The searing ray misses the killer bee.
The killer bee misses you.
The meliai mumbles some strange prayers to its god against you.
Something smites you! The killer bee misses you.
The meliai completely misses you. The meliai misses you.
The searing ray hits the meliai but does no damage.
The meliai is moderately wounded.
The searing ray misses the killer bee.
The searing ray hits the queen bee.
The queen bee is heavily wounded.
The searing ray misses the killer bee.
You finish channelling your searing ray.
The killer bee completely misses you. The meliai misses you.
The meliai completely misses you. You block the killer bee's attack.
The meliai hits you with a +0 hand axe! The meliai misses you.
As you read the scroll of teleportation, it crumbles to dust.
You feel strangely unstable. The killer bee barely misses you.
The meliai hits you with a +0 hand axe! You block the meliai's attack.
You block the killer bee's attack.
The meliai calls upon its god to heal the killer bee.
The killer bee's wounds heal themselves!
The queen bee calls on the killer bee to defend it!
The killer bee goes berserk!
The queen bee calls on the meliai to defend it!
The meliai goes berserk!
You fade into invisibility!
You block the killer bee's attack. The meliai hits you with a +0 hand axe!
* * * LOW HITPOINT WARNING * * *
The meliai barely misses you. The killer bee misses you.
The meliai hits you with a +0 hand axe!!
You die...
Your body crumbles into a pile of gold.

#......####.#..######
##P# #....###
##......#.## #... ##...#
##.#.....P### #... #.#.##
###...#.......######...
#####
##.#..#...#.......##....
##......#.######....##...
#.#....##### ##........
##....#.##.# ##P......
#..^....@y# ##.##..Y
##.......#yy# ###....
#......[##y## ##...
##.......# yy #...
##........#


yyy #... #.........# ..†# #... #.........###### ##.. #...........# #..
#.........## ##. You could see a queen bee (unable to see you), 2 meliai and 6
killer bees.

Vanquished Creatures
  3 hydras
  A skyshark (Lair:2)
  2 black mambas
  7 elephants
  4 cane toads
  A gargoyle (D:10)
  Maggie (D:8)
  13 komodo dragons
  2 trolls
  A polar bear (Lair:3)
  A tyrant leech (Lair:3)
  14 blink frogs
  2 hornets (D:9)
  A shadow (D:10)
  2 spriggans
  4 wyverns
  7 yaks
  3 fire bats (Lair:2)
  2 steam dragons
  2 basilisks (Lair:1)
  2 swamp worms (Lair:3)
  4 nagas (Lair:3)
  16 water moccasins
  2 ice beasts
  2 black bears
  3 orc warriors
  2 ogres
  3 wolves (Lair:3)
  8 phantoms
  A centaur (D:9)
  A weeping skull (D:9)
  A kobold brigand (D:9)
  11 bullfrogs
  2 gnoll sergeants
  2 scorpions
  8 wights
  3 killer bees (D:7)
  3 electric eels (D:10)
  2 howler monkeys
  2 bombardier beetles
  2 hounds (D:6)
  7 orc priests
  A centaur zombie (D:4)
  A human zombie (D:4)
  2 gnoll boudas
  11 iguanas
  2 sleepcaps
  3 orc wizards
  A hound zombie (D:4)
  21 gnolls
  5 adders
  4 shadow imps
  2 white imps
  2 ufetubi (D:6)
  An adder skeleton (D:4)
  An adder zombie (D:4)
  7 ribbon worms
  2 dart slugs
  28 orcs
  12 endoplasms
  9 goblins
  9 hobgoblins
  7 jackals
  5 quokkas
  3 ball pythons
  9 bats
  4 frilled lizards
  9 kobolds
  5 rats
  A spectral orc (D:9)
327 creatures vanquished.

Vanquished Creatures (collateral kills)
  A cane toad (Lair:4)
1 creature vanquished.

Grand Total: 328 creatures vanquished

Notes
Turn   | Place    | Note
-------+----------+-------------------------------------------
     0 | D:1      | adelrune the Deep Elf Conjurer began the quest for the Orb.
     0 | D:1      | Reached XP level 1. HP: 10/10 MP: 6/6
   325 | D:1      | Reached XP level 2. HP: 15/15 MP: 2/8
   549 | D:1      | Learned a level 2 spell: Searing Ray
  1239 | D:2      | Reached XP level 3. HP: 19/19 MP: 1/10
  1713 | D:2      | Reached skill level 5 in Conjurations
  2131 | D:2      | Reached XP level 4. HP: 24/24 MP: 9/11
  2718 | D:3      | Learned a level 2 spell: Blink
  3272 | D:3      | Learned a level 2 spell: Momentum Strike
  3294 | D:4      | Noticed a bullfrog
  3296 | D:4      | Killed a bullfrog
  3297 | D:4      | Reached skill level 1 in Translocations
  3297 | D:4      | Reached XP level 5. HP: 28/28 MP: 9/13
  3341 | D:4      | Found Howytsop's Book Shoppe.
  3483 | D:4      | You fall into a shaft and drop 2 floors!
  3492 | D:6      | Noticed a steam dragon
  3496 | D:6      | Killed a steam dragon
  3497 | D:6      | Reached skill level 6 in Conjurations
  3497 | D:6      | Reached XP level 6. HP: 2/32 MP: 7/15
  3674 | D:5      | Entered Level 5 of the Dungeon
  3836 | D:4      | Reached skill level 5 in Spellcasting
  3875 | D:4      | Reached XP level 7. HP: 36/36 MP: 10/16
  4147 | D:4      | Reached skill level 7 in Conjurations
  4208 | D:4      | Found an ancient bone altar of Kikubaaqudgha.
  4216 | D:4      | Reached skill level 5 in Dodging
  4478 | D:4      | Found a staircase to the Ecumenical Temple.
  4487 | Temple   | Entered the Ecumenical Temple
  4519 | Temple   | Became a worshipper of Gozag Ym Sagoz the Greedy
  4553 | D:4      | Found a radiant altar of Vehumet.
  4859 | D:5      | Reached XP level 8. HP: 27/41 MP: 9/19
  5049 | D:5      | Learned a level 3 spell: Stone Arrow
  5363 | D:5      | Reached skill level 8 in Conjurations
  5385 | D:5      | Reached skill level 1 in Earth Magic
  6305 | D:6      | Found a hide-covered altar of Uskayaw.
  6732 | D:6      | Reached skill level 1 in Evocations
  7137 | D:7      | Reached skill level 9 in Conjurations
  7137 | D:7      | Reached XP level 9. HP: 45/45 MP: 12/21
  7605 | D:7      | Identified the +1 scale mail of Ynasm {Rampage}
  7713 | D:7      | Upgraded the game from 0.32-a0-818-gb728d0252e to
                  | 0.32-a0-834-geaf45d8e21
  7763 | D:7      | Noticed a boulder beetle
  7764 | D:7      | Noticed a manticore
  7849 | D:7      | Found a white marble altar of Elyvilon.
  7849 | D:7      | Found a faded altar of an unknown god.
  7856 | D:7      | Found a faded altar of an unknown god.
  7860 | D:7      | Found a sacrificial altar of Ru.
  7862 | D:7      | Found a broken altar of Ashenzari.
  8782 | D:8      | Noticed Maggie
  8788 | D:8      | Killed Maggie
  8789 | D:8      | Reached skill level 10 in Conjurations
 10023 | D:9      | Reached skill level 1 in Shields
 10160 | D:9      | Reached XP level 10. HP: 50/50 MP: 12/24
 10784 | D:9      | Found a basalt altar of Yredelemnul.
 11037 | D:10     | Entered Level 10 of the Dungeon
 11320 | D:10     | Reached skill level 5 in Earth Magic
 11384 | D:10     | Noticed a gargoyle
 11390 | D:10     | Killed a gargoyle
 11570 | D:10     | Found a glowing silver altar of Zin.
 11725 | D:10     | Reached skill level 11 in Conjurations
 12205 | D:11     | Found a staircase to the Lair.
 12761 | Lair:1   | Entered Level 1 of the Lair of Beasts
 12828 | Lair:1   | Reached skill level 5 in Evocations
 12880 | Lair:1   | Learned a level 3 spell: Passwall
 13311 | Lair:1   | Found a white marble altar of Elyvilon.
 13343 | Lair:1   | Reached XP level 11. HP: 54/54 MP: 15/26
 13887 | Lair:1   | Reached skill level 12 in Conjurations
 14125 | Lair:1   | Reached skill level 10 in Spellcasting
 14175 | Lair:1   | Reached skill level 5 in Shields
 14373 | Lair:1   | Learned a level 7 spell: Spellforged Servitor
 14506 | Lair:1   | Reached skill level 1 in Summonings
 14948 | Lair:2   | Noticed a seven-headed hydra
 14956 | Lair:2   | Killed a seven-headed hydra
 15132 | Lair:2   | Reached skill level 5 in Summonings
 15958 | Lair:2   | Noticed a skyshark
 15969 | Lair:2   | Killed a skyshark
 16421 | Lair:2   | Reached XP level 12. HP: 59/59 MP: 15/28
 16713 | Lair:2   | Noticed a five-headed hydra
 16719 | Lair:2   | Killed a five-headed hydra
 16935 | Lair:2   | Reached skill level 10 in Summonings
 17561 | Lair:3   | Identified the +2 ring mail of Dramatic Exits {rC+ Str+4}
 18223 | Lair:3   | You fall into a shaft and drop 1 floor!
 18462 | Lair:3   | Found a staircase to the Snake Pit.
 18786 | Lair:3   | Noticed a five-headed hydra
 18889 | Lair:3   | Killed a five-headed hydra
 19060 | Lair:3   | Found a staircase to the Swamp.
 19259 | Lair:4   | Found a runed translucent door.
 19261 | Lair:4   | Noticed jejorda2's ghost (journeyman GnBe)
 19398 | Lair:4   | Reached skill level 13 in Conjurations
 20604 | Lair:4   | Found a viscous altar of Jiyva.
 20604 | Lair:4   | Found a staircase to the Slime Pits.
 20890 | Lair:4   | Mangled by a meliai

Illustrated notes

Levels and vault maps discovered:
D:1:      dpeg_arrival_windows_large_door, layout_basic
D:2:      layout_basic, chequers_serial_rivers_micro_b
D:3:      minmay_bubble_buster, layout_rooms, dk_noncrumbling_3
D:4:      layout_cave_pools, kennysheep_mini,
          lemuel_mausoleum_altar_kikubaaqudgha, minmay_temple_entry_mist,
          serial_shops, shop_statue
D:5:      layout_loops_corners, nicolae_overflow_hidden_temple
D:6:      layout_loops_cross, mainiacjoe_overflow_concentric_impassable,
          minmay_stone_trees_small, minmay_holes
D:7:      layout_rooms, chequers_temple_overflow_minitemple,
          lightli_corner_chamber
D:8:      layout_loops_corners, uniq_maggie
D:9:      layout_loops_ring, yredelemnul_forgotten_temple_becter
D:10:     nicolae_moon_pools, layout_cross, mainiacjoe_overflow_alcove_4
D:11:     layout_stronghold, grunt_lair_entry_orc_guard_hut
Temple:   hc_temple_tempest_star
Lair:1:   beast_lair_carwin_large_1, layout_cave_pods, basic_altar
Lair:2:   layout_gridlike, nicolae_volcano_entry_batcave,
          nicolae_quartered_pool_medium, st_stairs_8,
          grunt_forest_large_clearing_hut
Lair:3:   layout_loops_ring, palyth_hydra_swamp_entry,
          minmay_snake_entry_guardpost_medium, minivault_25,
          grunt_forest_stairs_clearing
Lair:4:   layout_cave_pods, dpeg_slime_entry_enclosed, special_room
          [special_room_bee], ebering_ghost_inner_flame

Skill      XL: |  1  2  3  4  5  6  7  8  9 10 11 12 |
---------------+-------------------------------------+-----
Stealth        | 3 4 |  4.0
Dodging        | 3 4 5 6 7 |  7.4
Conjurations   | 5 6 7 9 10 11 12 13 | 13.4
Spellcasting   | 4 5 6 7 8 9 10 11 | 11.8
Translocations | 1 2 3 4 |  4.6
Earth Magic    | 2 4 6 |  6.4
Evocations     | 1 3 5 |  5.0
Shields        | 1 4 5 |  5.0
Summonings     | 9 11 | 11.6

Action                     |  1- 3 |  4- 6 |  7- 9 | 10-12 || total
---------------------------+-------+-------+-------+-------++-------
  Melee: Mace              |       |       |     5 |       ||     5
         Staff             |       |       |     1 |       ||     1
         Unarmed           |       |       |       |     1 ||     1
   Cast: Magic Dart        |    76 |    58 |    48 |    88 ||   270
         Searing Ray       |     5 |    12 |    55 |    12 ||    84
         Momentum Strike   |       |     8 |    12 |     9 ||    29
         Stone Arrow       |       |       |    71 |   298 ||   369
         Blink             |       |       |     1 |       ||     1
         Spellforged Servi |       |       |       |     1 ||     1
 Invoke: Potion Petition   |       |       |     1 |       ||     1
  Evoke: Wand              |       |       |       |     5 ||     5
    Use: Potion            |       |       |     2 |     2 ||     4
         Scroll            |       |       |     1 |    20 ||    21
 Armour: Robe              |     7 |     3 |       |       ||    10
         Steam dragon scal |       |     1 |    46 |    60 ||   107
  Dodge: Dodged            |    13 |    12 |    53 |    73 ||   151
  Block: Kite shield       |       |       |       |    46 ||    46

Table legend: (Time is in decaauts)
 A = Elapsed time spent in this place.
 B = Non-inter-level travel time spent in this place.
 C = Inter-level travel time spent in this place.
 D = Time resting spent in this place.
 E = Time spent auto-exploring this place.
 F = Levels seen in this place.
 G = Mean time per level.
                   A        B        C        D        E       F      G
               +--------+--------+--------+--------+--------+-----+--------+
         Total |  20883 |  20351 |    532 |   7392 |  10006 |  16 | 1305.2 |
       Dungeon |  12697 |  12303 |    394 |   3711 |   7025 |  11 | 1154.3 |
        Temple |     48 |     33 |     15 |      0 |      0 |   1 |   48.0 |
          Lair |   8137 |   8014 |    123 |   3681 |   2981 |   4 | 2034.2 |
               +--------+--------+--------+--------+--------+-----+--------+

Top non-repeatable levels by time:
  Lair:1: 2302 daAuts
  Lair:2: 2261 daAuts
  Lair:3: 2018 daAuts
     D:8: 1715 daAuts
  Lair:4: 1554 daAuts
    D:10: 1391 daAuts
     D:9: 1319 daAuts
     D:6: 1263 daAuts
     D:1: 1247 daAuts
     D:4: 1166 daAuts
     D:5: 1148 daAuts
     D:7: 1117 daAuts
     D:2: 1025 daAuts
     D:3: 1019 daAuts
    D:11: 281 daAuts
